Connexion

MONTREAL Canadiens vs FLORIDA Panthers

Created - 20 avril 2024 at 05:46

Goals
1 2 3 OT1 T
MONTREAL Canadiens 1 1 0 0 2
FLORIDA Panthers 1 1 0 1 3
Shots
1 2 3 OT1 T
MONTREAL Canadiens 14 9 5 4 32
FLORIDA Panthers 7 8 4 3 22

GoalsPenalties
1st period
1. MONTREAL Canadiens , Boone Jenner 1 (Evgeni Malkin 3, Justin Faulk 2) at 9:42 (PP)
2. FLORIDA Panthers , Cody Eakin 3 (Justin Scott 2, Ian Cole 4) at 10:49
Nikita Zadorov (FLO) for Delaying the game (Minor) at 8:04
Mikael Backlund (FLO) for Tripping (Minor) at 12:16
Justin Faulk (MTL) for Tripping (Minor) at 16:09
2nd period
3. FLORIDA Panthers , Cody Eakin 4 (Rickard Rakell 5, Jacob Trouba 2) at 4:02 (SH)
4. MONTREAL Canadiens , Cam Atkinson 2 (Evgeni Malkin 4, Tyson Barrie 7) at 15:00
Justin Scott (FLO) for Cross-checking (Minor) at 2:56
Mario Ferraro (FLO) for Holding (Minor) at 19:42
3rd period
No Goal
Mario Ferraro (FLO) for Slashing (Minor) at 19:42
Overtime #1
5. FLORIDA Panthers , Cody Eakin 5 (Justin Scott 3, Jacob Trouba 3) at 6:01
Justin Scott (FLO) for High sticking (Minor) at 3:12
Goalie Stats
Kevin Lankinen (MTL), 19 saves from 22 shots - (0,864), OTL, 1-2-1, 66:02 minutes
Petr Mrazek (FLO), 30 saves from 32 shots - (0,938), W, 3-2-0, 66:02 minutes
3 StarsOfficial
1 - Cody Eakin (FLO)
2 - Jacob Trouba (FLO)
3 - Justin Scott (FLO)
Referees : Tim Peel and Mike Hasenfratz
Linesman : Mike Cvik and Greg Devorski
Game Note
Cody Eakin has scored a Hat Trick!
Finance
Level 1 -- Attendance: 6000 (100,00%) -- Ticket Income $780,000
Level 2 -- Attendance: 6056 (96,90%) -- Ticket Income $393,640
Level 3 -- Attendance: 2000 (100,00%) -- Ticket Income $100,000
Level 4 -- Attendance: 4000 (100,00%) -- Ticket Income $120,000
Luxury Box -- Attendance: 1000 (100,00%) -- Ticket Income $240,000
Game was played at the BankAtlantic Center.
Total Attendance: 19056 (98,99%)
Total Ticket Income: $1,633,640
Other Income: $326,728
Total Income: $1,960,368



Team Name Goals Shots Shots Attemp Shots Blocked PIM HIT PP PK FO%
MONTREAL Canadiens 2326852201 / 6 (17%)036%
FLORIDA Panthers 322481212270 / 1 (0%)164%

MONTREAL Canadiens
Player Name POS G A P +/- PIM HIT SHT SB MP PP MP PP SHT PK MP PK SHT FO% FOT
Boone JennerC/LW1010014022:325:5230:34040% 30
Brett HowdenC/LW000000004:200:0000:00040% 5
Cam AtkinsonLW/RW1010035022:375:4110:3400% 1
Dakota MermisD000-1020223:075:4400:4700% 0
Evgeni MalkinC/RW0221012021:575:3510:00075% 4
Isac LundestromC/LW000-2002115:560:0000:140100% 1
Jake GuentzelC/LW/RW0000015021:585:5220:000100% 1
Joe VelenoC000000000:170:1700:0000% 0
Joel EdmundsonD000-1010015:050:0000:0000% 0
Justin FaulkD0110211026:375:4900:0000% 0
Kailer YamamotoC/LW/RW000-2022015:420:0000:00031% 13
Kyle CapobiancoD000-1010115:550:0000:5000% 0
Michael PezzettaC/LW000000004:200:0000:000100% 1
Moritz SeiderD000-1041023:295:4411:0900% 0
Patrick KaneC/RW0000023127:345:4111:11023% 30
Phil KesselC/RW000-2002015:560:0000:1400% 0
Tyler SeguinC/RW000-1013022:585:4121:11050% 2
Tyson BarrieD0110002027:505:4921:1200% 0
FLORIDA Panthers
Player Name POS G A P +/- PIM HIT SHT SB MP PP MP PP SHT PK MP PK SHT FO% FOT
Barclay GoodrowLW/RW0002002115:450:0000:0000% 0
Carter VerhaegheC/RW0000060018:210:0001:2100% 1
Cody EakinC/LW3033004017:290:0000:41159% 17
Ian ColeD0111010423:000:5704:4400% 0
Jacob TroubaD0222021017:200:0002:4800% 0
Jared Spurgeon D000-1001228:001:0206:1900% 0
Justin ScottC/LW/RW0222441018:030:5701:230100% 2
Kiril KaprizovLW0000023023:421:0208:38033% 3
Mario FerraroD0002421121:060:5712:5200% 0
Mark ScheifeleC0000022023:421:0208:38171% 34
Michael BuntingLW000-100005:430:0000:0000% 0
Mikael BacklundC/LW0000223019:400:5711:44064% 22
Morgan GeekieC000-100005:430:0000:00050% 6
Nikita ZadorovD0001210014:460:0000:1500% 0
Nikolay GoldobinLW/RW000-1001022:041:0200:0000% 1
Noah HanifinD000-1031427:491:0206:0800% 0
Rickard RakellC/LW/RW0111022016:180:5700:410100% 2
Taro HiroseLW000000000:000:0000:0000% 0



Play-by-Play

1st period


0:01 of 1st period - Mikael Backlund wins face-off versus Patrick Kane in neutral zone.
0:01 of 1st period - Nikolay Goldobin is hit by Cam Atkinson and loses puck.
0:15 of 1st period - Noah Hanifin is hit by Cam Atkinson and loses puck.
0:22 of 1st period - Shot by Mikael Backlund.
0:22 of 1st period - Stopped by Kevin Lankinen with a rebound.
0:24 of 1st period - Shot by Carter Verhaeghe.
0:24 of 1st period - Shot Misses the Net.
0:39 of 1st period - Icing by Justin Faulk.
0:40 of 1st period - Mark Scheifele wins face-off versus Patrick Kane in MONTREAL Canadiens zone.
1:41 of 1st period - Icing by Rickard Rakell.
1:42 of 1st period - Kailer Yamamoto wins face-off versus Mark Scheifele in FLORIDA Panthers zone.
1:42 of 1st period - Phil Kessel is hit by Mario Ferraro.
2:10 of 1st period - Shot by Kailer Yamamoto.
2:10 of 1st period - Shot Blocked by Mario Ferraro.
2:32 of 1st period - Shot by Cody Eakin.
2:32 of 1st period - Shot Misses the Net.
2:38 of 1st period - Shot by Cody Eakin.
2:38 of 1st period - Shot Blocked by Isac Lundestrom.
3:09 of 1st period - Boone Jenner is hit by Jacob Trouba and loses puck.
3:39 of 1st period - Shot by Noah Hanifin.
3:39 of 1st period - Shot Misses the Net.
3:41 of 1st period - Shot by Noah Hanifin.
3:41 of 1st period - Shot Misses the Net.
3:43 of 1st period - Shot by Noah Hanifin.
3:43 of 1st period - Shot Misses the Net.
4:36 of 1st period - Michael Bunting is hit by Moritz Seider and loses puck.
6:03 of 1st period - Icing by Nikolay Goldobin.
6:04 of 1st period - Mikael Backlund wins face-off versus Boone Jenner in FLORIDA Panthers zone.
6:04 of 1st period - Mikael Backlund is hit by Tyler Seguin.
6:28 of 1st period - Shot by Jake Guentzel.
6:28 of 1st period - Shot Blocked by Noah Hanifin.
6:30 of 1st period - Shot by Jake Guentzel.
6:30 of 1st period - Stopped by Petr Mrazek with a rebound.
7:19 of 1st period - Icing by Mario Ferraro.
7:20 of 1st period - Kailer Yamamoto wins face-off versus Morgan Geekie in FLORIDA Panthers zone.
7:23 of 1st period - Shot by Isac Lundestrom.
7:23 of 1st period - Stopped by Petr Mrazek with a rebound.
7:25 of 1st period - Shot by Phil Kessel.
7:25 of 1st period - Stopped by Petr Mrazek with a rebound.
8:04 of 1st period - Minor Penalty to Nikita Zadorov for Delaying the game.
8:05 of 1st period - Patrick Kane wins face-off versus Mark Scheifele in FLORIDA Panthers zone.
8:08 of 1st period - Shot by Cam Atkinson.
8:08 of 1st period - Shot Blocked by Jared Spurgeon .
8:10 of 1st period - Shot by Tyler Seguin.
8:10 of 1st period - Stopped by Petr Mrazek without a rebound.
8:11 of 1st period - Mark Scheifele wins face-off versus Patrick Kane in FLORIDA Panthers zone.
9:16 of 1st period - Shot by Boone Jenner.
9:16 of 1st period - Stopped by Petr Mrazek without a rebound.
9:17 of 1st period - Boone Jenner wins face-off versus Mikael Backlund in FLORIDA Panthers zone.
9:42 of 1st period - Shot by Boone Jenner.
9:42 of 1st period - Goal by Boone Jenner - MONTREAL Canadiens : 1 - FLORIDA Panthers : 0.
9:43 of 1st period - Brett Howden wins face-off versus Morgan Geekie in neutral zone.
10:05 of 1st period - Off-side.
10:06 of 1st period - Isac Lundestrom wins face-off versus Cody Eakin in neutral zone.
10:21 of 1st period - Shot by Kailer Yamamoto.
10:21 of 1st period - Stopped by Petr Mrazek with a rebound.
10:33 of 1st period - Shot by Cody Eakin.
10:33 of 1st period - Shot Blocked by Dakota Mermis.
10:45 of 1st period - Shot by Justin Scott.
10:45 of 1st period - Shot Blocked by Dakota Mermis.
10:47 of 1st period - Shot by Cody Eakin.
10:47 of 1st period - Deflect By Justin Scott.
10:47 of 1st period - Stopped by Kevin Lankinen with a rebound.
10:49 of 1st period - Shot by Justin Scott.
10:49 of 1st period - Deflect By Cody Eakin.
10:49 of 1st period - Goal by Cody Eakin - MONTREAL Canadiens : 1 - FLORIDA Panthers : 1.
10:50 of 1st period - Mikael Backlund wins face-off versus Patrick Kane in neutral zone.
11:01 of 1st period - Tyson Barrie is hit by Noah Hanifin.
11:11 of 1st period - Shot by Patrick Kane.
11:11 of 1st period - Shot Misses the Net.
11:21 of 1st period - Shot by Patrick Kane.
11:21 of 1st period - Stopped by Petr Mrazek without a rebound.
11:22 of 1st period - Mark Scheifele wins face-off versus Boone Jenner in FLORIDA Panthers zone.
11:37 of 1st period - Shot by Kiril Kaprizov.
11:37 of 1st period - Stopped by Kevin Lankinen without a rebound.
11:38 of 1st period - Cody Eakin wins face-off versus Brett Howden in MONTREAL Canadiens zone.
11:51 of 1st period - Shot by Barclay Goodrow.
11:51 of 1st period - Shot Misses the Net.
12:04 of 1st period - Noah Hanifin is hit by Moritz Seider and loses puck.
12:08 of 1st period - Icing by Dakota Mermis.
12:09 of 1st period - Brett Howden wins face-off versus Nikolay Goldobin in MONTREAL Canadiens zone.
12:09 of 1st period - Brett Howden is hit by Carter Verhaeghe.
12:14 of 1st period - Michael Pezzetta is hit by Mikael Backlund and loses puck.
12:16 of 1st period - Minor Penalty to Mikael Backlund for Tripping.
12:17 of 1st period - Mark Scheifele wins face-off versus Boone Jenner in FLORIDA Panthers zone.
12:31 of 1st period - Icing by Boone Jenner.
12:32 of 1st period - Mark Scheifele wins face-off versus Boone Jenner in MONTREAL Canadiens zone.
12:51 of 1st period - Shot by Mark Scheifele.
12:51 of 1st period - Stopped by Kevin Lankinen without a rebound.
12:52 of 1st period - Mark Scheifele wins face-off versus Patrick Kane in MONTREAL Canadiens zone.
13:12 of 1st period - Shot by Tyler Seguin.
13:12 of 1st period - Stopped by Petr Mrazek without a rebound.
13:13 of 1st period - Boone Jenner wins face-off versus Carter Verhaeghe in FLORIDA Panthers zone.
13:24 of 1st period - Shot by Evgeni Malkin.
13:24 of 1st period - Shot Misses the Net.
13:26 of 1st period - Shot by Jake Guentzel.
13:26 of 1st period - Stopped by Petr Mrazek with a rebound.
13:28 of 1st period - Shot by Justin Faulk.
13:28 of 1st period - Shot Misses the Net.
13:30 of 1st period - Shot by Justin Faulk.
13:30 of 1st period - Shot Misses the Net.
13:32 of 1st period - Shot by Justin Faulk.
13:32 of 1st period - Shot Misses the Net.
13:35 of 1st period - Jake Guentzel is hit by Noah Hanifin and loses puck.
13:40 of 1st period - Shot by Boone Jenner.
13:40 of 1st period - Shot Misses the Net.
13:42 of 1st period - Shot by Jake Guentzel.
13:42 of 1st period - Stopped by Petr Mrazek without a rebound.
13:43 of 1st period - Mark Scheifele wins face-off versus Patrick Kane in FLORIDA Panthers zone.
14:12 of 1st period - Shot by Cam Atkinson.
14:12 of 1st period - Shot Misses the Net.
14:50 of 1st period - Off-side.
14:51 of 1st period - Tyler Seguin wins face-off versus Cody Eakin in neutral zone.
15:04 of 1st period - Shot by Boone Jenner.
15:04 of 1st period - Shot Blocked by Noah Hanifin.
15:06 of 1st period - Shot by Jake Guentzel.
15:06 of 1st period - Stopped by Petr Mrazek without a rebound.
15:07 of 1st period - Mark Scheifele wins face-off versus Patrick Kane in FLORIDA Panthers zone.
15:16 of 1st period - Kiril Kaprizov is hit by Patrick Kane and loses puck.
15:30 of 1st period - Icing by Ian Cole.
15:31 of 1st period - Boone Jenner wins face-off versus Mark Scheifele in FLORIDA Panthers zone.
15:31 of 1st period - Tyson Barrie is hit by Ian Cole and loses puck.
15:38 of 1st period - Shot by Tyler Seguin.
15:38 of 1st period - Stopped by Petr Mrazek without a rebound.
15:39 of 1st period - Mikael Backlund wins face-off versus Evgeni Malkin in FLORIDA Panthers zone.
15:43 of 1st period - Off-side.
15:44 of 1st period - Mikael Backlund wins face-off versus Patrick Kane in neutral zone.
15:59 of 1st period - Icing by Tyson Barrie.
16:00 of 1st period - Mark Scheifele wins face-off versus Patrick Kane in MONTREAL Canadiens zone.
16:09 of 1st period - Minor Penalty to Justin Faulk for Tripping.
16:10 of 1st period - Patrick Kane wins face-off versus Mark Scheifele in MONTREAL Canadiens zone.
16:10 of 1st period - Patrick Kane is hit by Kiril Kaprizov.
17:00 of 1st period - Jared Spurgeon is hit by Boone Jenner and loses puck.
17:21 of 1st period - Shot by Mikael Backlund.
17:21 of 1st period - Stopped by Kevin Lankinen with a rebound.
17:23 of 1st period - Shot by Ian Cole.
17:23 of 1st period - Shot Misses the Net.
17:25 of 1st period - Shot by Justin Scott.
17:25 of 1st period - Shot Blocked by Kyle Capobianco.
17:27 of 1st period - Shot by Mario Ferraro.
17:27 of 1st period - Stopped by Kevin Lankinen without a rebound.
17:28 of 1st period - Patrick Kane wins face-off versus Mikael Backlund in MONTREAL Canadiens zone.
18:19 of 1st period - Shot by Phil Kessel.
18:19 of 1st period - Stopped by Petr Mrazek without a rebound.
18:20 of 1st period - Boone Jenner wins face-off versus Cody Eakin in FLORIDA Panthers zone.
18:21 of 1st period - Shot by Jake Guentzel.
18:21 of 1st period - Shot Misses the Net.
19:13 of 1st period - Barclay Goodrow is hit by Joel Edmundson and loses puck.
19:27 of 1st period - Off-side.
19:28 of 1st period - Mikael Backlund wins face-off versus Kailer Yamamoto in neutral zone.
Goals for this period are 1 for MONTREAL Canadiens vs 1 for FLORIDA Panthers.
Shots for this period are 14 for MONTREAL Canadiens vs 7 for FLORIDA Panthers.

2nd period


0:01 of 2nd period - Mikael Backlund wins face-off versus Patrick Kane in neutral zone.
0:19 of 2nd period - Tyson Barrie is hit by Carter Verhaeghe and loses puck.
1:15 of 2nd period - Boone Jenner is hit by Noah Hanifin and loses puck.
2:50 of 2nd period - Isac Lundestrom is hit by Kiril Kaprizov and loses puck.
2:56 of 2nd period - Minor Penalty to Justin Scott for Cross-checking.
2:57 of 2nd period - Patrick Kane wins face-off versus Kiril Kaprizov in FLORIDA Panthers zone.
3:46 of 2nd period - Shot by Rickard Rakell.
3:46 of 2nd period - Shot Blocked by Patrick Kane.
3:48 of 2nd period - Shot by Mario Ferraro.
3:48 of 2nd period - Shot Misses the Net.
3:54 of 2nd period - Shot by Rickard Rakell.
3:54 of 2nd period - Deflect By Cody Eakin.
3:54 of 2nd period - Shot Misses the Net.
3:56 of 2nd period - Shot by Rickard Rakell.
3:56 of 2nd period - Shot Misses the Net.
3:58 of 2nd period - Shot by Rickard Rakell.
3:58 of 2nd period - Shot Hit the Post.
4:00 of 2nd period - Shot by Cody Eakin.
4:00 of 2nd period - Shot Misses the Net.
4:02 of 2nd period - Shot by Cody Eakin.
4:02 of 2nd period - Goal by Cody Eakin - MONTREAL Canadiens : 1 - FLORIDA Panthers : 2.
4:03 of 2nd period - Rickard Rakell wins face-off versus Boone Jenner in neutral zone.
4:17 of 2nd period - Shot by Boone Jenner.
4:17 of 2nd period - Stopped by Petr Mrazek without a rebound.
4:18 of 2nd period - Mark Scheifele wins face-off versus Boone Jenner in FLORIDA Panthers zone.
4:45 of 2nd period - Shot by Jake Guentzel.
4:45 of 2nd period - Shot Misses the Net.
4:51 of 2nd period - Shot by Evgeni Malkin.
4:51 of 2nd period - Stopped by Petr Mrazek with a rebound.
5:25 of 2nd period - Shot by Isac Lundestrom.
5:25 of 2nd period - Shot Blocked by Barclay Goodrow.
6:02 of 2nd period - Shot by Mikael Backlund.
6:02 of 2nd period - Stopped by Kevin Lankinen without a rebound.
6:03 of 2nd period - Morgan Geekie wins face-off versus Patrick Kane in MONTREAL Canadiens zone.
6:30 of 2nd period - Icing by Mario Ferraro.
6:31 of 2nd period - Boone Jenner wins face-off versus Morgan Geekie in FLORIDA Panthers zone.
6:38 of 2nd period - Shot by Jake Guentzel.
6:38 of 2nd period - Stopped by Petr Mrazek without a rebound.
6:39 of 2nd period - Mark Scheifele wins face-off versus Boone Jenner in FLORIDA Panthers zone.
7:03 of 2nd period - Off-side.
7:04 of 2nd period - Justin Scott wins face-off versus Patrick Kane in neutral zone.
7:27 of 2nd period - Shot by Cam Atkinson.
7:27 of 2nd period - Shot Misses the Net.
7:29 of 2nd period - Shot by Justin Faulk.
7:29 of 2nd period - Stopped by Petr Mrazek without a rebound.
7:30 of 2nd period - Boone Jenner wins face-off versus Mikael Backlund in FLORIDA Panthers zone.
8:01 of 2nd period - Tyler Seguin is hit by Carter Verhaeghe and loses puck.
8:15 of 2nd period - Boone Jenner is hit by Carter Verhaeghe and loses puck.
8:21 of 2nd period - Icing by Jake Guentzel.
8:22 of 2nd period - Mark Scheifele wins face-off versus Boone Jenner in MONTREAL Canadiens zone.
8:22 of 2nd period - Mark Scheifele is hit by Moritz Seider.
8:25 of 2nd period - Kiril Kaprizov is hit by Dakota Mermis and loses puck.
8:58 of 2nd period - Shot by Mark Scheifele.
8:58 of 2nd period - Stopped by Kevin Lankinen without a rebound.
8:59 of 2nd period - Kailer Yamamoto wins face-off versus Cody Eakin in MONTREAL Canadiens zone.
8:59 of 2nd period - Kailer Yamamoto is hit by Justin Scott.
9:15 of 2nd period - Shot by Barclay Goodrow.
9:15 of 2nd period - Deflect By Justin Scott.
9:15 of 2nd period - Shot Misses the Net.
9:17 of 2nd period - Shot by Jacob Trouba.
9:17 of 2nd period - Stopped by Kevin Lankinen without a rebound.
9:18 of 2nd period - Mikael Backlund wins face-off versus Patrick Kane in MONTREAL Canadiens zone.
9:43 of 2nd period - Shot by Mikael Backlund.
9:43 of 2nd period - Shot Misses the Net.
9:45 of 2nd period - Shot by Noah Hanifin.
9:45 of 2nd period - Stopped by Kevin Lankinen without a rebound.
9:46 of 2nd period - Mark Scheifele wins face-off versus Tyler Seguin in MONTREAL Canadiens zone.
9:51 of 2nd period - Shot by Mark Scheifele.
9:51 of 2nd period - Shot Misses the Net.
9:56 of 2nd period - Tyler Seguin is hit by Mark Scheifele and loses puck.
10:52 of 2nd period - Tyson Barrie is hit by Mikael Backlund and loses puck.
11:00 of 2nd period - Icing by Justin Faulk.
11:01 of 2nd period - Cody Eakin wins face-off versus Patrick Kane in MONTREAL Canadiens zone.
11:05 of 2nd period - Icing by Evgeni Malkin.
11:06 of 2nd period - Cody Eakin wins face-off versus Patrick Kane in MONTREAL Canadiens zone.
12:27 of 2nd period - Shot by Jake Guentzel.
12:27 of 2nd period - Shot Hit the Post.
12:48 of 2nd period - Shot by Carter Verhaeghe.
12:48 of 2nd period - Shot Misses the Net.
13:16 of 2nd period - Shot by Isac Lundestrom.
13:16 of 2nd period - Stopped by Petr Mrazek without a rebound.
13:17 of 2nd period - Mark Scheifele wins face-off versus Kailer Yamamoto in FLORIDA Panthers zone.
13:26 of 2nd period - Shot by Rickard Rakell.
13:26 of 2nd period - Stopped by Kevin Lankinen with a rebound.
13:30 of 2nd period - Shot by Nikita Zadorov.
13:30 of 2nd period - Shot Misses the Net.
14:28 of 2nd period - Shot by Cody Eakin.
14:28 of 2nd period - Stopped by Kevin Lankinen with a rebound.
14:30 of 2nd period - Shot by Noah Hanifin.
14:30 of 2nd period - Shot Misses the Net.
14:34 of 2nd period - Shot by Cody Eakin.
14:34 of 2nd period - Deflect By Barclay Goodrow.
14:34 of 2nd period - Stopped by Kevin Lankinen without a rebound.
14:35 of 2nd period - Morgan Geekie wins face-off versus Patrick Kane in MONTREAL Canadiens zone.
14:41 of 2nd period - Nikolay Goldobin is hit by Justin Faulk and loses puck.
14:52 of 2nd period - Shot by Evgeni Malkin.
14:52 of 2nd period - Shot Misses the Net.
14:54 of 2nd period - Shot by Evgeni Malkin.
14:54 of 2nd period - Shot Misses the Net.
14:56 of 2nd period - Shot by Cam Atkinson.
14:56 of 2nd period - Shot Misses the Net.
14:58 of 2nd period - Shot by Evgeni Malkin.
14:58 of 2nd period - Shot Blocked by Noah Hanifin.
15:00 of 2nd period - Shot by Cam Atkinson.
15:00 of 2nd period - Goal by Cam Atkinson - MONTREAL Canadiens : 2 - FLORIDA Panthers : 2.
15:01 of 2nd period - Boone Jenner wins face-off versus Cody Eakin in neutral zone.
15:10 of 2nd period - Shot by Boone Jenner.
15:10 of 2nd period - Shot Blocked by Ian Cole.
15:12 of 2nd period - Shot by Boone Jenner.
15:12 of 2nd period - Stopped by Petr Mrazek with a rebound.
15:18 of 2nd period - Shot by Tyler Seguin.
15:18 of 2nd period - Shot Blocked by Ian Cole.
15:20 of 2nd period - Shot by Jake Guentzel.
15:20 of 2nd period - Deflect By Boone Jenner.
15:20 of 2nd period - Shot Blocked by Ian Cole.
15:22 of 2nd period - Shot by Boone Jenner.
15:22 of 2nd period - Shot Misses the Net.
15:57 of 2nd period - Justin Faulk is hit by Justin Scott and loses puck.
16:34 of 2nd period - Shot by Cam Atkinson.
16:34 of 2nd period - Stopped by Petr Mrazek with a rebound.
16:36 of 2nd period - Shot by Cam Atkinson.
16:36 of 2nd period - Stopped by Petr Mrazek without a rebound.
16:37 of 2nd period - Mikael Backlund wins face-off versus Kailer Yamamoto in FLORIDA Panthers zone.
16:39 of 2nd period - Icing by Jared Spurgeon .
16:40 of 2nd period - Kailer Yamamoto wins face-off versus Mikael Backlund in FLORIDA Panthers zone.
17:58 of 2nd period - Icing by Cam Atkinson.
17:59 of 2nd period - Morgan Geekie wins face-off versus Patrick Kane in MONTREAL Canadiens zone.
19:10 of 2nd period - Icing by Justin Faulk.
19:11 of 2nd period - Evgeni Malkin wins face-off versus Cody Eakin in MONTREAL Canadiens zone.
19:42 of 2nd period - Minor Penalty to Mario Ferraro for Holding.
19:43 of 2nd period - Mark Scheifele wins face-off versus Boone Jenner in FLORIDA Panthers zone.
Goals for this period are 1 for MONTREAL Canadiens vs 1 for FLORIDA Panthers.
Shots for this period are 9 for MONTREAL Canadiens vs 8 for FLORIDA Panthers.

3rd period


0:01 of 3rd period - Mark Scheifele wins face-off versus Patrick Kane in neutral zone.
0:35 of 3rd period - Shot by Tyson Barrie.
0:35 of 3rd period - Deflect By Patrick Kane.
0:35 of 3rd period - Shot Misses the Net.
0:39 of 3rd period - Shot by Cam Atkinson.
0:39 of 3rd period - Stopped by Petr Mrazek without a rebound.
0:40 of 3rd period - Evgeni Malkin wins face-off versus Mikael Backlund in FLORIDA Panthers zone.
1:35 of 3rd period - Icing by Tyson Barrie.
1:36 of 3rd period - Mikael Backlund wins face-off versus Patrick Kane in MONTREAL Canadiens zone.
2:38 of 3rd period - Icing by Isac Lundestrom.
2:39 of 3rd period - Cody Eakin wins face-off versus Kailer Yamamoto in MONTREAL Canadiens zone.
3:17 of 3rd period - Icing by Noah Hanifin.
3:18 of 3rd period - Justin Scott wins face-off versus Boone Jenner in FLORIDA Panthers zone.
3:29 of 3rd period - Off-side.
3:30 of 3rd period - Evgeni Malkin wins face-off versus Mark Scheifele in neutral zone.
3:33 of 3rd period - Rickard Rakell is hit by Evgeni Malkin and loses puck.
3:37 of 3rd period - Icing by Mark Scheifele.
3:38 of 3rd period - Mark Scheifele wins face-off versus Patrick Kane in FLORIDA Panthers zone.
4:00 of 3rd period - Icing by Nikita Zadorov.
4:01 of 3rd period - Boone Jenner wins face-off versus Kiril Kaprizov in FLORIDA Panthers zone.
4:35 of 3rd period - Icing by Dakota Mermis.
4:36 of 3rd period - Mikael Backlund wins face-off versus Boone Jenner in MONTREAL Canadiens zone.
5:14 of 3rd period - Justin Faulk is hit by Carter Verhaeghe and loses puck.
6:08 of 3rd period - Icing by Isac Lundestrom.
6:09 of 3rd period - Kiril Kaprizov wins face-off versus Kailer Yamamoto in MONTREAL Canadiens zone.
6:09 of 3rd period - Rickard Rakell is hit by Kyle Capobianco and loses puck.
6:14 of 3rd period - Shot by Kiril Kaprizov.
6:14 of 3rd period - Stopped by Kevin Lankinen without a rebound.
6:15 of 3rd period - Boone Jenner wins face-off versus Mark Scheifele in MONTREAL Canadiens zone.
6:15 of 3rd period - Boone Jenner is hit by Rickard Rakell.
6:18 of 3rd period - Icing by Jake Guentzel.
6:19 of 3rd period - Mark Scheifele wins face-off versus Boone Jenner in MONTREAL Canadiens zone.
7:29 of 3rd period - Icing by Nikita Zadorov.
7:30 of 3rd period - Cody Eakin wins face-off versus Kailer Yamamoto in FLORIDA Panthers zone.
7:46 of 3rd period - Shot by Isac Lundestrom.
7:46 of 3rd period - Shot Misses the Net.
8:18 of 3rd period - Cody Eakin is hit by Kailer Yamamoto.
8:45 of 3rd period - Icing by Patrick Kane.
8:46 of 3rd period - Patrick Kane wins face-off versus Mark Scheifele in MONTREAL Canadiens zone.
8:55 of 3rd period - Shot by Kiril Kaprizov.
8:55 of 3rd period - Stopped by Kevin Lankinen without a rebound.
8:56 of 3rd period - Mikael Backlund wins face-off versus Boone Jenner in MONTREAL Canadiens zone.
9:09 of 3rd period - Shot by Jake Guentzel.
9:09 of 3rd period - Shot Blocked by Noah Hanifin.
11:20 of 3rd period - Shot by Justin Scott.
11:20 of 3rd period - Shot Misses the Net.
11:32 of 3rd period - Justin Scott is hit by Kailer Yamamoto.
12:17 of 3rd period - Off-side.
12:18 of 3rd period - Mark Scheifele wins face-off versus Brett Howden in neutral zone.
12:58 of 3rd period - Shot by Rickard Rakell.
12:58 of 3rd period - Stopped by Kevin Lankinen without a rebound.
12:59 of 3rd period - Boone Jenner wins face-off versus Cody Eakin in MONTREAL Canadiens zone.
13:06 of 3rd period - Jake Guentzel is hit by Justin Scott and loses puck.
14:06 of 3rd period - Phil Kessel is hit by Jacob Trouba and loses puck.
14:38 of 3rd period - Icing by Jacob Trouba.
14:39 of 3rd period - Patrick Kane wins face-off versus Mikael Backlund in FLORIDA Panthers zone.
14:44 of 3rd period - Shot by Cam Atkinson.
14:44 of 3rd period - Stopped by Petr Mrazek with a rebound.
14:46 of 3rd period - Shot by Patrick Kane.
14:46 of 3rd period - Stopped by Petr Mrazek without a rebound.
14:47 of 3rd period - Rickard Rakell wins face-off versus Patrick Kane in FLORIDA Panthers zone.
14:54 of 3rd period - Justin Faulk is hit by Rickard Rakell and loses puck.
15:03 of 3rd period - Shot by Cam Atkinson.
15:03 of 3rd period - Shot Misses the Net.
15:15 of 3rd period - Shot by Evgeni Malkin.
15:15 of 3rd period - Stopped by Petr Mrazek without a rebound.
15:16 of 3rd period - Cody Eakin wins face-off versus Boone Jenner in FLORIDA Panthers zone.
15:23 of 3rd period - Shot by Barclay Goodrow.
15:23 of 3rd period - Stopped by Kevin Lankinen without a rebound.
15:24 of 3rd period - Mikael Backlund wins face-off versus Boone Jenner in MONTREAL Canadiens zone.
16:03 of 3rd period - Shot by Tyler Seguin.
16:03 of 3rd period - Shot Misses the Net.
16:11 of 3rd period - Moritz Seider is hit by Carter Verhaeghe and loses puck.
16:37 of 3rd period - Icing by Ian Cole.
16:38 of 3rd period - Mark Scheifele wins face-off versus Brett Howden in FLORIDA Panthers zone.
16:59 of 3rd period - Patrick Kane is hit by Mario Ferraro and loses puck.
17:46 of 3rd period - Tyson Barrie is hit by Justin Scott and loses puck.
18:01 of 3rd period - Icing by Nikita Zadorov.
18:02 of 3rd period - Cody Eakin wins face-off versus Boone Jenner in FLORIDA Panthers zone.
18:13 of 3rd period - Icing by Nikita Zadorov.
18:14 of 3rd period - Cody Eakin wins face-off versus Kailer Yamamoto in FLORIDA Panthers zone.
19:11 of 3rd period - Off-side.
19:12 of 3rd period - Boone Jenner wins face-off versus Mark Scheifele in neutral zone.
19:23 of 3rd period - Kiril Kaprizov is hit by Dakota Mermis and loses puck.
19:30 of 3rd period - Moritz Seider is hit by Mark Scheifele and loses puck.
19:42 of 3rd period - Minor Penalty to Mario Ferraro for Slashing.
19:43 of 3rd period - Mark Scheifele wins face-off versus Cam Atkinson in FLORIDA Panthers zone.
19:43 of 3rd period - Mark Scheifele is hit by Cam Atkinson.
19:50 of 3rd period - Icing by Cam Atkinson.
19:51 of 3rd period - Patrick Kane wins face-off versus Mark Scheifele in MONTREAL Canadiens zone.
19:56 of 3rd period - Shot by Tyson Barrie.
19:56 of 3rd period - Stopped by Petr Mrazek without a rebound.
19:57 of 3rd period - Mark Scheifele wins face-off versus Boone Jenner in FLORIDA Panthers zone.
Goals for this period are 0 for MONTREAL Canadiens vs 0 for FLORIDA Panthers.
Shots for this period are 5 for MONTREAL Canadiens vs 4 for FLORIDA Panthers.

Overtime #1


0:01 of 1st overtime period - Mark Scheifele wins face-off versus Patrick Kane in neutral zone.
0:46 of 1st overtime period - Shot by Tyson Barrie.
0:46 of 1st overtime period - Stopped by Petr Mrazek without a rebound.
0:47 of 1st overtime period - Jake Guentzel wins face-off versus Mikael Backlund in FLORIDA Panthers zone.
0:50 of 1st overtime period - Shot by Evgeni Malkin.
0:50 of 1st overtime period - Deflect By Boone Jenner.
0:50 of 1st overtime period - Shot Hit the Post.
0:52 of 1st overtime period - Shot by Moritz Seider.
0:52 of 1st overtime period - Stopped by Petr Mrazek without a rebound.
0:53 of 1st overtime period - Mark Scheifele wins face-off versus Boone Jenner in FLORIDA Panthers zone.
0:53 of 1st overtime period - Mark Scheifele is hit by Jake Guentzel.
1:15 of 1st overtime period - Shot by Jake Guentzel.
1:15 of 1st overtime period - Shot Blocked by Ian Cole.
1:17 of 1st overtime period - Shot by Jake Guentzel.
1:17 of 1st overtime period - Shot Misses the Net.
1:19 of 1st overtime period - Shot by Jake Guentzel.
1:19 of 1st overtime period - Shot Misses the Net.
1:47 of 1st overtime period - Shot by Tyson Barrie.
1:47 of 1st overtime period - Shot Misses the Net.
2:01 of 1st overtime period - Shot by Nikolay Goldobin.
2:01 of 1st overtime period - Stopped by Kevin Lankinen without a rebound.
2:02 of 1st overtime period - Cody Eakin wins face-off versus Kailer Yamamoto in MONTREAL Canadiens zone.
2:07 of 1st overtime period - Shot by Noah Hanifin.
2:07 of 1st overtime period - Shot Misses the Net.
2:09 of 1st overtime period - Shot by Jared Spurgeon .
2:09 of 1st overtime period - Stopped by Kevin Lankinen without a rebound.
2:10 of 1st overtime period - Michael Pezzetta wins face-off versus Mikael Backlund in MONTREAL Canadiens zone.
2:27 of 1st overtime period - Shot by Brett Howden.
2:27 of 1st overtime period - Shot Blocked by Jared Spurgeon .
3:04 of 1st overtime period - Noah Hanifin is hit by Moritz Seider and loses puck.
3:12 of 1st overtime period - Minor Penalty to Justin Scott for High sticking.
3:13 of 1st overtime period - Boone Jenner wins face-off versus Mark Scheifele in FLORIDA Panthers zone.
3:22 of 1st overtime period - Shot by Evgeni Malkin.
3:22 of 1st overtime period - Shot Misses the Net.
4:06 of 1st overtime period - Shot by Tyson Barrie.
4:06 of 1st overtime period - Deflect By Patrick Kane.
4:06 of 1st overtime period - Stopped by Petr Mrazek without a rebound.
4:07 of 1st overtime period - Mikael Backlund wins face-off versus Patrick Kane in FLORIDA Panthers zone.
4:07 of 1st overtime period - Mikael Backlund is hit by Patrick Kane.
5:23 of 1st overtime period - Shot by Kailer Yamamoto.
5:23 of 1st overtime period - Stopped by Petr Mrazek without a rebound.
5:24 of 1st overtime period - Cody Eakin wins face-off versus Kailer Yamamoto in FLORIDA Panthers zone.
5:30 of 1st overtime period - Kyle Capobianco is hit by Nikita Zadorov and loses puck.
5:59 of 1st overtime period - Shot by Justin Scott.
5:59 of 1st overtime period - Shot Misses the Net.
6:01 of 1st overtime period - Shot by Cody Eakin.
6:01 of 1st overtime period - Goal by Cody Eakin - MONTREAL Canadiens : 2 - FLORIDA Panthers : 3.
Goals for this period are 0 for MONTREAL Canadiens vs 1 for FLORIDA Panthers.
Shots for this period are 4 for MONTREAL Canadiens vs 3 for FLORIDA Panthers.